 Dungeon Crawl Stone Soup version 0.29-a0-369-gd956c00756 (webtiles) character file.

Game seed: 11613121925967780349

268 Antichthon the Covered (level 6, -1/38 HPs)
             Began as a Gargoyle Fighter on May 2, 2022.
             Slain by a mummy (2 damage)
             ... in an ossuary.
             The game lasted 00:05:19 (3225 turns).

Antichthon the Covered (Gargoyle Fighter)           Turns: 3225, Time: 00:05:19

Health: -1/38      AC: 18    Str: 22    XL:     6   Next: 21%
Magic:  7/7        EV:  6    Int:  8    God:
Gold:   915        SH:  4    Dex:  9    Spells: 5/5 levels left

rFire   + . .      SeeInvis .   a - +0 flail
rCold   . . .      Faith    .   c - +0 buckler
rNeg    + . .      Spirit   .   v - +1 plate armour {Will+}
rPois   ∞          Reflect  .   (no helmet)
rElec   +          Harm     .   (no cloak)
rCorr   .          Rampage  .   q - +0 pair of gloves
Will    +....                   (no boots)
Stlth   ..........              (no amulet)
HPRegen 0.12/turn               e - ring of protection from fire
MPRegen 0.10/turn               (no ring)

@: hasted, very quick
A: sickness immunity, AC +4, negative energy resistance 1, electricity
resistance, torment resistance 1, petrification resistance
a: no special abilities


You were in an ossuary.
You visited 1 branch of the dungeon, and saw 4 of its levels.
You also visited: Ossuary.

You collected 915 gold pieces.

Inventory:

Hand Weapons
 a - a +0 flail (weapon)
Armour
 c - a +0 buckler (worn)
 q - a +0 pair of gloves (worn)
 v - a +1 plate armour of willpower (worn)
Jewellery
 e - a ring of protection from fire (left hand)
 i - a ring of protection from cold
 n - a ring of willpower
Wands
 u - a wand of iceblast (15)
Scrolls
 f - a scroll of fear
 k - a scroll of holy word {unknown}
 o - a scroll of vulnerability {unknown}
 s - a scroll of fog {unknown}
Potions
 d - a potion of might
 g - a potion of berserk rage
 h - a potion of resistance
 j - a potion of haste
 l - a potion of lignification
 m - a potion of invisibility
 r - a potion of mutation


   Skills:
 * Level 4.0 Fighting
 * Level 3.7 Maces & Flails
 * Level 4.3 Armour
 * Level 1.2 Dodging
 * Level 4.2 Shields
 * Level 1.7 Invocations


You had 5 spell levels left.
You didn't know any spells.
Your spell library contained the following spells:

 Spells                   Type           Power      Damage    Failure   Level
 Animate Skeleton         Necr           0%         N/A       100%        1
 Pain                     Necr           0%         1d4       100%        1
 Blink                    Tloc           0%         N/A       100%        2
 Summon Guardian Golem    Hex/Summ       0%         N/A       100%        3
 Vampiric Draining        Necr           0%         2d6       100%        3
 Blade Hands              Tmut           0%         N/A       100%        5
 Irradiate                Conj/Tmut      0%         3d13      100%        5
 Manifold Assault         Tloc           0%         N/A       100%        5
 Dragon Form              Tmut           0%         N/A       100%        7
 Orb of Destruction       Conj           0%         9d5       100%        7
 Spellforged Servitor     Conj/Summ      0%         N/A       100%        7
 Storm Form               Tmut/Air       0%         N/A       100%        7


Dungeon Overview and Level Annotations

Branches:
Dungeon (3/15)            Ossuary (1/1)

Altars:


Innate Abilities, Weirdness & Mutations

You are immune to sickness and miasma.
Your stone body is resilient. (AC +4)
You are immune to poison.
You resist negative energy. (rN+)
You are resistant to electric shocks. (rElec)
You are resistant to unholy torment.
You are immune to petrification.


Message History

The kobold zombie hits you but does no damage.
The mummy hits you but does no damage.
You sock the mummy!
The mummy is heavily damaged.
The hobgoblin zombie hits you. The kobold zombie barely misses you.
The mummy hits you!
You closely miss the mummy.
The mummy is heavily damaged.
The hobgoblin zombie hits you but does no damage.
You block the kobold zombie's attack. The mummy hits you but does no damage.
You hit the mummy.
The mummy is heavily damaged.
The kobold zombie barely misses you.
You hit the mummy.
The mummy is severely damaged.
The mummy hits you but does no damage.
You hit the mummy.
The mummy is severely damaged.
The mummy hits you. x2
Unknown command.
You thump the mummy!
The mummy is heavily damaged.
The mummy closely misses you. The mummy hits you!
* * * LOW HITPOINT WARNING * * *
Unknown command.
Okay, then.
Okay, then.
Press: ? - help, v - describe, . - travel
Here: a mummy (severely damaged)
An empty arch of ancient stone.
You can't see any enemies this would affect, really read the scroll of fear?
Okay, then.
Unknown command.
Unknown command.
You feel yourself speed up. The mummy barely misses you.
Unknown command.
You hit the mummy.
You destroy the mummy!
The mummy hits you.
You die...

#....#
#....#
#....#
#....#
#....#
#....#
#...Z#
#..MM#
#.Z∩@#
######


You could see 2 mummies, a hobgoblin zombie and a kobold zombie.

Vanquished Creatures
  Sigmund (D:2)
  2 mummies (Ossuary)
  A gnoll (D:1)
  3 adders
  An ufetubus (D:6)
  2 worms (D:2)
  5 bats
  5 endoplasms
  5 giant cockroaches
  A gnoll zombie (Ossuary)
  4 goblins
  4 hobgoblins (D:1)
  4 jackals (D:1)
  A quokka (D:2)
  7 ball pythons
  3 frilled lizards
  3 hobgoblin zombies (Ossuary)
  3 kobolds
  A kobold zombie (Ossuary)
  An orc zombie (Ossuary)
  3 rats
60 creatures vanquished.

Notes
Turn   | Place    | Note
-------+----------+-------------------------------------------
     0 | D:1      | Antichthon the Gargoyle Fighter began the quest for the
                  | Orb.
     0 | D:1      | Reached XP level 1. HP: 14/14 MP: 1/1
   143 | D:1      | Reached XP level 2. HP: 19/19 MP: 2/2
   947 | D:1      | Reached XP level 3. HP: 23/23 MP: 3/3
  1408 | D:2      | Noticed Sigmund
  1435 | D:2      | Killed Sigmund
  1436 | D:2      | Reached skill level 1 in Dodging
  1436 | D:2      | Reached skill level 1 in Invocations
  1436 | D:2      | Reached XP level 4. HP: 11/29 MP: 3/5
  1436 | D:2      | Reached XP level 5. HP: 13/33 MP: 3/6
  1854 | D:2      | Identified a scroll of acquirement
  1854 | D:2      | Acquired 786 gold pieces
  1991 | D:2      | Identified the +0 leather armour of Munuyrit {rPois rF+ rN+
                  | Dex-2}
  2133 | D:2      | Reached XP level 6. HP: 37/38 MP: 7/7
  2183 | D:2      | Found a faded altar of an unknown god.
  3104 | D:3      | You fall into a shaft and drop 3 floors!
  3128 | D:6      | Found a sand-covered staircase.
  3174 | Ossuary  | Entered an ossuary
  3223 | Ossuary  | HP: 1/38 [mummy (12)]
  3225 | Ossuary  | Slain by a mummy

Illustrated notes

Levels and vault maps discovered:
D:1:      dpeg_arrival_short_road, layout_basic
D:2:      layout_basic, shapermc_ecumenical_altar_pompeii, uniq_sigmund
D:3:      layout_loops_ring, patterned_corridor
D:6:      layout_rooms, zin_academy, general_overflow_altar, enter_ossuary_2,
          minmay_crystal_room
Ossuary:  ossuary_tomb_3

Skill      XL: |  1  2  3  4  5 |
---------------+----------------+-----
Maces & Flails | 3 |  3.7
Armour         | 4 |  4.3
Dodging        | 1 |  1.2
Shields        | 4 |  4.2
Invocations    | 1 |  1.7
Fighting       | 4 |  4.0

Action                   |  1- 3 |  4- 6 || total
-------------------------+-------+-------++-------
Melee: Flail             |   120 |   113 ||   233
  Use: Scroll            |     3 |     7 ||    10
       Potion            |       |     2 ||     2
Armor: Scale mail        |    83 |    52 ||   135
       Plate armour      |       |    42 ||    42
Dodge: Dodged            |    91 |    58 ||   149
Block: Buckler           |    42 |    18 ||    60

Table legend: (Time is in decaauts)
 A = Elapsed time spent in this place.
 B = Non-inter-level travel time spent in this place.
 C = Inter-level travel time spent in this place.
 D = Time resting spent in this place.
 E = Time spent auto-exploring this place.
 F = Levels seen in this place.
 G = Mean time per level.
                   A        B        C        D        E       F      G
               +--------+--------+--------+--------+--------+-----+--------+
         Total |   3293 |   3204 |     89 |      0 |   2532 |   5 |  658.6 |
       Dungeon |   3234 |   3145 |     89 |      0 |   2532 |   4 |  808.5 |
       Ossuary |     58 |     58 |      0 |      0 |      0 |   1 |   58.0 |
               +--------+--------+--------+--------+--------+-----+--------+

Top non-repeatable levels by time:
     D:1: 1428 daAuts
     D:2: 1178 daAuts
     D:3: 555 daAuts
     D:6: 72 daAuts
 Ossuary: 58 daAuts
